 Dungeon Crawl Stone Soup version 0.30-a0-1124-g6e8f0f562f (webtiles) character file.

Game seed: 13065007773804284505

1213 quinnr the Zephyrmancer (level 8, -2/44 HPs)
             Began as a Tengu Air Elementalist on Apr 23, 2023.
             Killed from afar by an orc wizard (11 damage)
             ... with a magic dart
             ... on level 6 of the Dungeon.
             The game lasted 00:16:59 (6796 turns).

quinnr the Zephyrmancer (Tengu Air Elementalist)    Turns: 6796, Time: 00:16:59

Health: -2/44      AC:  2    Str:  8    XL:     8   Next: 46%
Magic:  0/13       EV: 15    Int: 19    God:
Gold:   244        SH:  0    Dex: 14    Spells: 2/13 levels left

rFire   . . .        (no weapon)
rCold   . . .        (no shield)
rNeg    . . .        a - +0 robe
rPois   .            (helmet restricted)
rElec   .            (no cloak)
rCorr   .            (no gloves)
SInv    .            (boots unavailable)
Will    .....        (no amulet)
Stlth   ++           (no ring)
HPRegen 0.27/turn    (no ring)
MPRegen 0.13/turn

%: no passive effects
@: flying quickly and evasively, quick
A: beak, talons 3, nimble flight
a: no special abilities


You were on level 6 of the Dungeon.
You visited 1 branch of the dungeon, and saw 6 of its levels.
You also visited: Ossuary.

You collected 244 gold pieces.


Innate Abilities, Weirdness & Mutations

You have a beak for a mouth.
You have claws for feet.
Your magical nature lets you fly swiftly and evasively.


   Skills:
 - Level 2.0 Fighting
 - Level 3.0 Dodging
 - Level 3.0 Stealth
 - Level 3.0 Spellcasting
 + Level 5.3 Conjurations
 * Level 8.2 Air Magic
 - Level 4.0 Poison Magic
 + Level 3.2 Evocations


You had 2 spell levels left.
You knew the following spells:

 Your Spells              Type           Power      Damage    Failure   Level
m - Mephitic Cloud        Conj/Pois/Air  25%        N/A       4%          3
p - Poisonous Vapours     Pois/Air       52%        N/A       1%          2
z - Shock                 Conj/Air       100%       1d9       1%          1
X - Arcjolt               Conj/Air       14%        1d24      26%         5

Your spell library contained the following spells:

 Spells                   Type           Power      Damage    Failure   Level
 Static Discharge         Conj/Air       56%        2-5/arc   1%          2
 Kiss of Death            Conj/Necr      52%        2d9       4%          1
 Swiftness                Air            34%        N/A       1%          3
 Airstrike                Air            17%        2d(3-19)  4%          4
 Vhi's Electric Charge    Tloc/Air       36%        N/A       9%          3
 Confusing Touch          Hex            2%         N/A       41%         3
 Portal Projectile        Hex/Tloc       4%         N/A       41%         3
 Tukima's Dance           Hex            2%         N/A       41%         3
 Freezing Cloud           Conj/Ice/Air   10%        6-21      54%         5
 Cause Fear               Hex            1%         N/A       83%         4
 Dispel Undead            Necr           2%         3d7       83%         4
 Blade Hands              Tmut           1%         N/A       99%         5
 Dragon Form              Tmut           1%         N/A       100%        7
 Maxwell's Capacitive Co  Air            17%        ∞         100%        8
 Dragon's Call            Summ           1%         N/A       100%        9

Inventory:

Armour
 a - a +0 robe (worn)
Wands
 r - a wand of charming (5)
 u - a wand of mindburst (6)
Scrolls
 c - a scroll of butterflies {unknown}
 e - 4 scrolls of teleportation {unknown}
 h - 3 scrolls of torment {unknown}
 i - 3 scrolls of blinking {unknown}
 j - a scroll of magic mapping
 m - a scroll of fear
 p - 5 scrolls of enchant armour {unknown}
 q - a scroll of poison {unknown}
 s - 3 scrolls of immolation {unknown}
Potions
 b - a potion of magic
 d - 4 potions of haste {@q3}
 f - 2 potions of attraction
 g - 6 potions of heal wounds {@q2}
 k - a potion of curing {@q1}
 n - 3 potions of brilliance {unknown}
 o - 2 potions of might {unknown}
 t - 2 potions of mutation {unknown}

Dungeon Overview and Level Annotations

Branches:
Dungeon (6/15)            Ossuary (visited)
 Temple: D:4-7

Altars:
Fedhas
Okawaru

Shops:
D:2

:
#####.........
#.............
#.............
#..........[..
#............
#...........
#...)......
#.@o......
##........
###......
...... .▒..#
.▒ .. ▒ .


You could see an orc wizard (poisoned).


Message History

The magic dart hits you!
Your magical contamination has completely faded away.
You're too confused to cast spells.
Unknown command.
Unknown command.
You feel less confused. The orc wizard casts a spell at you.
The puff of flame hits you!
* * * LOW HITPOINT WARNING * * *
The orc wizard casts a spell at you. The magic dart hits you.
* * * LOW HITPOINT WARNING * * *
Unknown command.
Casting: Poisonous Vapours (safe; 1% risk of failure)
Confirm with . or Enter, or press ? or * to list all spells.
Aiming: Shock (safe; 1% risk of failure)
Press: ? - help, Shift-Dir - straight line, f/p - orc wizard
Aim: an orc wizard, wielding a +0 dagger and wearing a +0 robe (severely wounded, poisoned, 67% to hit)
The zap misses the orc wizard.
Unknown command.
You hit the orc wizard but do no damage.
The orc wizard is severely wounded.
The orc wizard casts a spell at you. The magic dart hits you!
* * * LOW HITPOINT WARNING * * *
You closely miss the orc wizard. Your kick misses the orc wizard.
The orc wizard is severely wounded.
The orc wizard gestures at you while chanting.
The magic dart hits you!
You die...

Skill      XL: |  1  2  3  4  5  6  7  8 |
---------------+-------------------------+-----
Conjurations   | 2 3 4 5 |  5.3
Poison Magic   | 1 3 4 |  4.0
Air Magic      | 5 7 8 |  8.2
Fighting       | 1 2 |  2.0
Dodging        | 3 |  3.0
Stealth        | 3 |  3.0
Spellcasting   | 3 |  3.0
Evocations     | 2 3 |  3.2

Action                     |  1- 3 |  4- 6 |  7- 9 || total
---------------------------+-------+-------+-------++-------
  Melee: Unarmed           |    23 |    15 |    45 ||    83
         Kick              |     4 |     7 |    16 ||    27
         Peck              |     1 |     2 |    10 ||    13
         Punch             |       |       |     2 ||     2
   Cast: Shock             |    84 |   145 |    74 ||   303
         Poisonous Vapours |     3 |    23 |    22 ||    48
         Mephitic Cloud    |       |       |    11 ||    11
         Arcjolt           |       |       |     1 ||     1
  Evoke: Wand              |       |       |     2 ||     2
    Use: Scroll            |       |     5 |     1 ||     6
         Potion            |       |     1 |       ||     1
   Stab: Confused          |       |       |     2 ||     2
 Armour: Robe              |     9 |     5 |     8 ||    22
  Dodge: Dodged            |    38 |    42 |    63 ||   143

Levels and vault maps discovered:
D:1:      heliophobic_arrival_battle_scene, layout_rooms, kennysheep_boxes
D:2:      layout_rooms, serial_shops, nicolae_shop_pleasant_corner_grove
D:3:      layout_basic
D:4:      layout_basic, nicolae_overflow_hidden_temple, nrook_mini_backslash,
          minivault_11, chequers_serial_rivers_marsh, uniq_ijyb
D:5:      layout_loops_ring, chequers_ossuary_entry_cave
D:6:      layout_cave_pods, minmay_temple_entry_tees, hangedman_decor_push

Notes
Turn   | Place    | Note
-------+----------+-------------------------------------------
     0 | D:1      | quinnr the Tengu Air Elementalist began the quest for the
                  | Orb.
     0 | D:1      | Reached XP level 1. HP: 10/10 MP: 4/4
   216 | D:1      | Reached XP level 2. HP: 15/15 MP: 4/6
   381 | D:1      | Reached skill level 2 in Conjurations
   605 | D:1      | Reached XP level 3. HP: 19/19 MP: 4/7
   934 | D:1      | Learned a level 2 spell: Poisonous Vapours
  1372 | D:2      | Learned a level 3 spell: Mephitic Cloud
  1394 | D:2      | Found Yschoobae's Book Shoppe.
  1493 | D:2      | Reached skill level 1 in Poison Magic
  1493 | D:2      | Reached XP level 4. HP: 21/24 MP: 0/8
  2964 | D:3      | Reached skill level 3 in Conjurations
  2964 | D:3      | Reached skill level 2 in Poison Magic
  3247 | D:4      | Found a blossoming altar of Fedhas.
  3257 | D:4      | Found an iron altar of Okawaru.
  3268 | D:4      | Noticed a scorpion
  3274 | D:4      | Killed a scorpion
  3275 | D:4      | Reached skill level 5 in Air Magic
  3275 | D:4      | Reached skill level 3 in Poison Magic
  3275 | D:4      | Gained mutation: Your magical nature lets you fly swiftly
                  | and evasively. [Tengu growth]
  3275 | D:4      | Reached XP level 5. HP: 28/28 MP: 3/9
  3475 | D:4      | Noticed an ogre
  3498 | D:4      | Reached skill level 1 in Fighting
  3498 | D:4      | Reached skill level 3 in Dodging
  3498 | D:4      | Reached skill level 3 in Stealth
  3498 | D:4      | Reached XP level 6. HP: 28/34 MP: 3/10
  3663 | D:4      | Noticed Ijyb
  3679 | D:4      | Killed Ijyb
  3680 | D:4      | Reached skill level 3 in Spellcasting
  3886 | D:5      | Entered Level 5 of the Dungeon
  3897 | D:5      | Reached skill level 4 in Poison Magic
  4023 | D:5      | Found a sand-covered staircase.
  4096 | D:5      | Learned a level 5 spell: Arcjolt
  4097 | Ossuary  | Entered an ossuary
  4697 | Ossuary  | Reached XP level 7. HP: 23/38 MP: 1/12
  4761 | Ossuary  | Reached skill level 1 in Evocations
  5199 | Ossuary  | Reached skill level 6 in Air Magic
  5414 | D:5      | Reached skill level 2 in Fighting
  5620 | D:5      | Reached skill level 4 in Conjurations
  5848 | D:5      | Reached skill level 2 in Evocations
  5923 | D:5      | Reached skill level 7 in Air Magic
  6025 | D:5      | Reached XP level 8. HP: 44/44 MP: 9/13
  6552 | D:6      | Reached skill level 5 in Conjurations
  6682 | D:5      | Reached skill level 8 in Air Magic
  6682 | D:5      | Reached skill level 3 in Evocations
  6796 | D:6      | Killed from afar by an orc wizard

Vanquished Creatures
  A black bear (D:5)
  A sky beast (D:5)
  2 centaurs
  2 ogres
  2 elf zombies (Ossuary)
  A scorpion (D:4)
  A human zombie (Ossuary)
  A hound (D:4)
  2 orc priests
  2 jellies (D:5)
  Ijyb (D:4)
  2 orc wizards (D:5)
  2 mummies (Ossuary)
  4 gnolls (D:5)
  4 adders
  2 ufetubi
  2 adder zombies (Ossuary)
  2 worms
  2 dart slugs
  13 orcs
  7 bats
  3 endoplasms
  3 giant cockroaches
  6 goblins
  6 hobgoblins
  18 jackals
  5 kobolds
  3 quokkas
  10 ball pythons
  5 frilled lizards
  A goblin zombie (Ossuary)
  8 hobgoblin zombies (Ossuary)
  12 kobold zombies (Ossuary)
  8 orc zombies (Ossuary)
  5 rats
  3 rat zombies (Ossuary)
152 creatures vanquished.

Table legend: (Time is in decaauts)
 A = Elapsed time spent in this place.
 B = Non-inter-level travel time spent in this place.
 C = Inter-level travel time spent in this place.
 D = Time resting spent in this place.
 E = Time spent auto-exploring this place.
 F = Levels seen in this place.
 G = Mean time per level.
                   A        B        C        D        E       F      G
               +--------+--------+--------+--------+--------+-----+--------+
         Total |   6637 |   6529 |    108 |    596 |   4512 |   7 |  948.1 |
       Dungeon |   5459 |   5351 |    108 |    299 |   4116 |   6 |  909.8 |
       Ossuary |   1178 |   1178 |      0 |    297 |    395 |   1 | 1178.0 |
               +--------+--------+--------+--------+--------+-----+--------+

Top non-repeatable levels by time:
     D:5: 1553 daAuts
     D:1: 1217 daAuts
 Ossuary: 1178 daAuts
     D:3: 1045 daAuts
     D:2: 974 daAuts
     D:4: 619 daAuts
     D:6: 48 daAuts

Table legend:
 A = Non-vault XP
 B = Vault XP
 C = Vault XP percentage of total XP
 D = Non-vault monster count
 E = Vault monster count
 F = Vault count percentage of total count
                 A         B        C        D         E       F
            +---------+---------+-------+---------+---------+-------
      Total |    1385 |     348 |  20.1 |     112 |      40 |  26.3
            +---------+---------+-------+---------+---------+-------
        D:1 |      63 |       0 |   0.0 |      34 |       0 |   0.0
        D:2 |      62 |       0 |   0.0 |      21 |       0 |   0.0
        D:3 |      36 |       0 |   0.0 |      18 |       0 |   0.0
        D:4 |     288 |      36 |  11.1 |       8 |       1 |  11.1
        D:5 |     698 |       0 |   0.0 |      28 |       0 |   0.0
        D:6 |     238 |       0 |   0.0 |       3 |       0 |   0.0
    Ossuary |       0 |     312 | 100.0 |       0 |      39 | 100.0
            +---------+---------+-------+---------+---------+-------
